 Dungeon Crawl Stone Soup version 0.24.0-2-g5b39cebb1c (webtiles) character file.

Game seed: 5799666413194333151, levelgen mode: deterministic

239 Chiseanne the Sneak (level 6, -3/39 HPs)
             Began as an Octopode Air Elementalist on Oct 30, 2019.
             Killed by divine providence
             ... invoked by an orc priest
              (10 damage)
             ... on level 4 of the Dungeon.
             The game lasted 00:05:44 (4713 turns).

Chiseanne the Sneak (Octopode Air Elementalist)     Turns: 4713, Time: 00:05:44

Health: -3/39      AC:  1    Str:  7    XL:     6   Next: 7%
Magic:  0/10       EV: 14    Int: 19    God:
Gold:   120        SH:  0    Dex: 13    Spells: 4/10 levels left

rFire    + . .     SeeInvis .   d - +0 short sword
rCold    + . .     Gourm    .   (no shield)
rNeg     . . .     Faith    .   (helmet restricted)
rPois    .         Spirit   .   (no amulet)
rElec    .         Reflect  .   j - ring of protection from cold
rCorr    .         Harm     .   p - ring of protection from cold
MR       .....                  f - ring of fire
Stlth    ++++......             (no ring)
HPRegen  0.13/turn              (no ring)
MPRegen  0.12/turn              (no ring)
                                (no ring)
                                (no ring)

@: lightly drained
A: almost no armour, stealthy swim, amphibious, 8 rings, constrict 8, camouflage
1, gelatinous body 1
a: no special abilities


You were on level 4 of the Dungeon.
You were hungry.

You visited 1 branch of the dungeon, and saw 4 of its levels.

You collected 120 gold pieces.

Inventory:

Hand Weapons
 d - a +0 short sword (weapon)
Missiles
 c - 182 stones (quivered)
 o - 56 arrows
Jewellery
 f - a ring of fire (on tentacle)
 j - a ring of protection from cold (left tentacle)
 p - a ring of protection from cold (right tentacle)
Wands
 r - a wand of digging (4)
Scrolls
 a - 3 scrolls of remove curse
 e - 2 scrolls of magic mapping
 i - 2 scrolls of enchant armour
 k - a scroll of fog
 v - a scroll of blinking
Potions
 g - a potion of might {unknown}
 h - a potion of flight {unknown}
 l - a potion of invisibility {unknown}
 m - a potion of haste {unknown}
 n - 4 potions of curing {unknown}
 q - a potion of ambrosia {unknown}
 t - a potion of brilliance {unknown}
 u - a potion of cancellation {unknown}
Comestibles
 b - 8 rations


   Skills:
 * Level 2.1(2.0) Fighting
 * Level 3.1(3.0) Dodging
 * Level 4.3(4.2) Stealth
 * Level 2.8(2.7) Spellcasting
 * Level 2.3 Conjurations
 * Level 3.7(3.6) Air Magic


You had 4 spell levels left.
You knew the following spells:

 Your Spells              Type           Power        Failure   Level  Hunger
a - Shock                 Conj/Air       ##..         4%          1    None
b - Swiftness             Chrm/Air       #.......     11%         2    ##.....
c - Static Discharge      Conj/Air       ##......     14%         3    ###....

Your spell library contained the following spells:

 Spells                   Type           Power        Failure   Level  Hunger
 Animate Skeleton         Necr           N/A          16%         1    None
 Apportation              Tloc           #.....       16%         1    None
 Confusing Touch          Hex            #.....       16%         1    None
 Summon Small Mammal      Summ           #...         16%         1    None
 Airstrike                Air            ###.......   34%         4    ####...
 Lightning Bolt           Conj/Air       ##........   77%         5    ######.


Dungeon Overview and Level Annotations

Branches:
Dungeon (4/15)
 Temple: D:4-7

Altars:
Ru


Innate Abilities, Weirdness & Mutations

You cannot wear most types of armour.
You are very stealthy in the water. (Stealth+)
You are amphibious.
You can wear up to eight rings at the same time.
You can use your tentacles to constrict eight enemies at once.
Your skin changes colour to match your surroundings (Stealth+).
Your rubbery body absorbs attacks. (AC +1, EV +1)


Message History

Aiming: Shock (safe; 4% risk of failure)
Press: ? - help, Shift-Dir - straight line, f - orc priest
Aim: an orc priest, wielding a +0 flail and wearing a cursed -1 leather armour (heavily wounded, constricted by you)
The zap hits the orc priest.
The orc priest is severely wounded.
You constrict the orc priest.
The orc priest miscasts a cantrip.
Casting: Shock (safe; 4% risk of failure)
Confirm with . or Enter, or press ? or * to list all spells.
You don't have enough magic to cast that spell.
You hit the orc priest but do no damage.
The orc priest is severely wounded.
You constrict the orc priest, but do no damage.
The orc priest misses you.
You hit the orc priest but do no damage.
The orc priest is severely wounded.
You constrict the orc priest.
The orc priest invokes the aid of Beogh against you.
Beogh smites you!
You die...

#.#..... #.#....
#.#).. ##.#.. ....
## #..# .# .# #o)#
.#######.# #@.#
.##<.....#
#..#####.#####...#
#......#.# #...#
#.####.#.#####...#
#.# #.#..........
#.####.........#.#
#.#....#####...#.#
#.#.##.........#.#
#.#..........#.#.#


You could see an orc priest.

Vanquished Creatures
  A crimson imp (D:2)
  A hound (D:2)
  An orc wizard (D:4)
  Robin (D:3)
  5 adders
  An ooze (D:2)
  A worm (D:2)
  3 dart slugs
  2 leopard geckos (D:3)
  6 orcs
  A giant cockroach (D:1)
  14 goblins
  14 hobgoblins
  6 kobolds
  3 bats
  3 frilled lizards
  7 rats
70 creatures vanquished.

Notes
Turn   | Place    | Note
-------+----------+-------------------------------------------
     0 | D:1      | Chiseanne the Octopode Air Elementalist began the quest for
                  | the Orb.
     0 | D:1      | Reached XP level 1. HP: 11/11 MP: 3/3
   813 | D:1      | Reached XP level 2. HP: 18/18 MP: 1/5
  1035 | D:1      | Reached skill level 3 in Stealth
  1423 | D:1      | Reached XP level 3. HP: 22/22 MP: 0/6
  2144 | D:2      | Reached skill level 1 in Fighting
  2144 | D:2      | Reached XP level 4. HP: 15/28 MP: 1/7
  3023 | D:2      | Found a sacrificial altar of Ru.
  3141 | D:2      | Reached XP level 5. HP: 7/34 MP: 0/8
  3738 | D:3      | Learned a level 2 spell: Swiftness
  3742 | D:3      | Learned a level 3 spell: Static Discharge
  4079 | D:3      | Reached skill level 4 in Stealth
  4440 | D:3      | Identified the -1 helmet of Rubriw {MR+ Dex+3}
  4440 | D:3      | Noticed Robin
  4456 | D:3      | Killed Robin
  4707 | D:4      | Reached XP level 6. HP: 25/39 MP: 0/10
  4713 | D:4      | Killed from afar by an orc priest

Levels and vault maps discovered:
D:1:      dpeg_arrival_morbid_curiosity, layout_basic, minivault_24,
          chequers_serial_rivers_room_a, minmay_tromino_v4_b
D:2:      layout_loops_cross, first_ration, nicolae_ru_the_path_less_chosen
D:3:      layout_rooms, uniq_robin
D:4:      layout_basic, uniq_natasha, uniq_grinder

Skill      XL: |  1  2  3  4  5 |
---------------+----------------+-----
Stealth        | 3 4 |  4.3
Fighting       | 1 2 |  2.1
Conjurations   | 2 |  2.3
Dodging        | 3 |  3.1
Spellcasting   | |  2.8
Air Magic      | |  3.7

Action                   |  1- 3 |  4- 6 || total
-------------------------+-------+-------++-------
Melee: Short sword       |    16 |    50 ||    66
       Tentacles         |     2 |     7 ||     9
       Constrict         |     3 |    12 ||    15
 Cast: Shock             |    52 |    99 ||   151
  Use: Scroll            |     5 |     6 ||    11
 Stab: Sleeping          |       |     3 ||     3
  Eat: Chunk             |     3 |     9 ||    12
Armor: Skin              |     1 |     2 ||     3
Dodge: Dodged            |    19 |    42 ||    61
